 Dungeon Crawl Stone Soup version 0.29.1-12-g30fa7ad0bf (webtiles) character file.

Game seed: 4253331790031077625

2107 cdecastro the Zephyrmancer (level 9, 0/46 HPs)
             Began as a Tengu Air Elementalist on Jan 14, 2023.
             Was a Follower of Sif Muna.
             Slain by a steam dragon (3 damage)
             ... on level 7 of the Dungeon.
             The game lasted 00:25:12 (10609 turns).

cdecastro the Zephyrmancer (TeAE)                  Turns: 10609, Time: 00:25:12

Health: 0/46       AC:  2    Str: 12    XL:     9   Next: 28%
Magic:  18/22      EV: 15    Int: 15    God:    Sif Muna [*.....]
Gold:   333        SH:  0    Dex: 16    Spells: 5/24 levels left

rFire   . . .      SeeInvis .   b - +0 sling
rCold   . . .      Faith    .   (no shield)
rNeg    . . .      Spirit   .   h - +0 robe
rPois   .          Reflect  .   (helmet restricted)
rElec   .          Harm     .   (no cloak)
rCorr   .          Rampage  .   (no gloves)
Will    +....                   (boots unavailable)
Stlth   ++........              D - amulet of magic regeneration
HPRegen 0.15/turn               i - ring of willpower
MPRegen 0.58/turn               (no ring)

@: flying quickly and evasively, quick
A: beak, talons 3, nimble flight
a: Renounce Religion, Channel Magic


You were on level 7 of the Dungeon.
You worshipped Sif Muna.
Sif Muna was aware of your devotion.
You visited 2 branches of the dungeon, and saw 8 of its levels.

You collected 333 gold pieces.

Inventory:

Hand Weapons
 a - a +2 dagger of venom
 b - a +0 sling (weapon)
 I - a +3 mace of freezing
Armour
 h - a +0 robe (worn)
 o - a +0 animal skin
 p - a +0 leather armour
 B - a +2 leather armour of fire resistance
 F - the +1 kite shield of Wonder {rElec rPois SInv Stlth+}
   (You found it on level 4 of the Dungeon)

   rElec:     It insulates you from electricity.
   rPois:     It protects you from poison.
   SInv:      It lets you see invisible.
   Stlth:     It makes you more stealthy.
Jewellery
 i - a ring of willpower (left hand)
 D - an amulet of magic regeneration (around neck)
Wands
 t - a wand of charming (9)
 w - a wand of polymorph (21)
 y - a wand of mindburst (16)
Scrolls
 c - a scroll of fear {unknown}
 d - 2 scrolls of fog {unknown}
 f - 4 scrolls of enchant weapon {unknown}
 g - a scroll of magic mapping {unknown}
 m - 4 scrolls of identify {unknown}
 q - 2 scrolls of amnesia {unknown}
 u - a scroll of brand weapon {unknown}
 v - a scroll of poison {unknown}
 z - a scroll of vulnerability {unknown}
 A - 2 scrolls of teleportation {unknown}
 C - a scroll of noise {unknown}
 H - a scroll of blinking {unknown}
Potions
 e - 3 potions of heal wounds {unknown}
 j - 2 potions of berserk rage
 k - 3 potions of curing
 l - 2 potions of flight {unknown}
 n - 2 potions of magic
 r - 3 potions of mutation {unknown}
 s - a potion of ambrosia {unknown}
 x - a potion of invisibility {unknown}
 G - 3 potions of attraction {unknown}


   Skills:
 - Level 0.4 Fighting
 - Level 2.1 Dodging
 - Level 2.0 Stealth
 - Level 8.0 Spellcasting
 + Level 6.3 Conjurations
 - Level 10.0 Air Magic


You had 5 spell levels left.
You knew the following spells:

 Your Spells              Type           Power      Damage    Failure   Level
a - Shock                 Conj/Air       100%       1d9       1%          1
b - Static Discharge      Conj/Air       30%        3-7/arc   1%          2
c - Airstrike             Air            18%        2d(3-19)  1%          4
d - Swiftness             Air            36%        N/A       1%          3
e - Lightning Bolt        Conj/Air       15%        1d29      12%         5
f - Sticky Flame          Conj/Fire      15%        2d4       32%         4

Your spell library contained the following spells:

 Spells                   Type           Power      Damage    Failure   Level
 Conjure Flame            Conj/Fire      15%        6-21      10%         3
 Fulminant Prism          Conj/Hex       7%         3d7       32%         4
 Iskenderun's Mystic Bla  Conj/Tloc      15%        2d5       32%         4
 Ignite Poison            Fire/Tmut/Pois 6%         N/A       34%         3
 Lee's Rapid Deconstruct  Erth           3%         3d6*      97%         5
 Maxwell's Capacitive Co  Air            18%        ∞         100%        8


Dungeon Overview and Level Annotations

Branches:
Dungeon (7/15)             Temple (1/1) D:4

Altars:
Ashenzari
Dithmenos
Elyvilon
Fedhas
Gozag
Hepliaklqana
Kikubaaqudgha
Makhleb
Nemelex Xobeh
Okawaru
Ru
Sif Muna
Trog
Uskayaw
Vehumet
Wu Jian
Zin
The Shining One

Shops:
D:4 :

Annotations:
D:3 1 runed translucent door, GloriousHammer's ghost, amateur DjCj
D:6 vault need dig


Innate Abilities, Weirdness & Mutations

You have a beak for a mouth.
You have claws for feet.
Your magical nature lets you fly swiftly and evasively.


Message History

The ball of steam hits you!
Unknown command.
Casting: Airstrike (dangerous; 1% risk of failure)
Confirm with . or Enter, or press ? or * to list all spells.
The steam dragon is struck by an arc of lightning.
The steam dragon is moderately wounded.
You are struck by an arc of lightning.
The steam dragon is struck by an arc of lightning.
The steam dragon is heavily wounded.
You are struck by an arc of lightning.
The lightning grounds out.
You are engulfed in a cloud of scalding steam.
A centaur comes into view.
The steam dragon misses you. x2
Unknown command.
Unknown command.
Casting: Static Discharge (safe; 1% risk of failure)
Confirm with . or Enter, or press ? or * to list all spells.
The steam dragon is struck by an arc of lightning.
The steam dragon is heavily wounded.
You are struck by an arc of lightning.
* * * LOW HITPOINT WARNING * * *
The steam dragon is struck by an arc of lightning.
The steam dragon is severely wounded.
The lightning grounds out.
You are engulfed in a cloud of scalding steam.
* * * LOW HITPOINT WARNING * * *
The steam dragon bites you but does no damage.
The steam dragon claws you.
* * * LOW HITPOINT WARNING * * *
Casting: Static Discharge (safe; 1% risk of failure)
Confirm with . or Enter, or press ? or * to list all spells.
The steam dragon is struck by an arc of lightning.
The steam dragon is almost dead.
You are struck by an arc of lightning.
* * * LOW HITPOINT WARNING * * *
The lightning grounds out.
You are engulfed in a cloud of scalding steam.
* * * LOW HITPOINT WARNING * * *
The steam dragon misses you. The steam dragon claws you.
You die...

#..#.#....#.#
#.............
##.#.#....#.##.
##.#........>.
..##.....####
....#..####
####.#.§#
#.#..#.#§.######
#......@.......#
#<#..#D#######.#
# ... #.#. #c...
... .. #.# #..
.. ...


You could see a steam dragon (catching breath) and a centaur.

Vanquished Creatures
  Eustachio (D:5)
  2 water moccasins
  An orc warrior (D:4)
  An ice beast (D:6)
  3 ogres
  2 phantoms (D:5)
  A centaur (D:5)
  2 necrophages
  3 scorpions (D:5)
  A wight (D:6)
  A howler monkey (D:4)
  An orc priest (D:4)
  5 hounds
  4 jellies
  An orc wizard (D:7)
  3 iguanas
  Natasha (thrice) (D:2)
  Robin (D:2)
  4 adders
  A shadow imp (D:7)
  3 white imps
  2 worms (D:2)
  2 dart slugs
  21 orcs
  6 ball pythons
  6 endoplasms
  5 giant cockroaches
  18 goblins
  10 hobgoblins
  3 jackals (D:3)
  4 kobolds
  6 quokkas
  9 bats
  2 frilled lizards
  8 rats
146 creatures vanquished.

Vanquished Creatures (others)
  2 withered plants (D:3)
2 creatures vanquished.

Grand Total: 148 creatures vanquished

Notes
Turn   | Place    | Note
-------+----------+-------------------------------------------
     0 | D:1      | cdecastro the Tengu Air Elementalist began the quest for
                  | the Orb.
     0 | D:1      | Reached XP level 1. HP: 10/10 MP: 4/4
   265 | D:1      | Reached XP level 2. HP: 10/15 MP: 1/6
   524 | D:1      | Learned a level 2 spell: Static Discharge
   535 | D:1      | Reached skill level 5 in Air Magic
  1462 | D:1      | Found a faded altar of an unknown god.
  1520 | D:2      | Reached XP level 3. HP: 17/19 MP: 4/7
  1611 | D:2      | Noticed Natasha
  1614 | D:2      | Killed Natasha
  1615 | D:2      | Reached skill level 6 in Air Magic
  1995 | D:2      | Reached XP level 4. HP: 22/24 MP: 5/8
  2953 | D:2      | Reached skill level 7 in Air Magic
  3195 | D:2      | Noticed Natasha
  3208 | D:2      | Killed Natasha
  3209 | D:2      | Gained mutation: Your magical nature lets you fly swiftly
                  | and evasively. [Tengu growth]
  3209 | D:2      | Reached XP level 5. HP: 21/28 MP: 2/9
  3371 | D:1      | Learned a level 4 spell: Airstrike
  3435 | D:2      | Noticed Robin
  3665 | D:2      | Killed Robin
  3882 | D:2      | Noticed Natasha
  3887 | D:2      | Killed Natasha
  3888 | D:2      | Reached skill level 8 in Air Magic
  4109 | D:3      | Found a runed translucent door.
  4109 | D:3      | Noticed GloriousHammer's ghost (amateur DjCj)
  4499 | D:3      | You are sucked into a shaft and drop 3 floors!
  4512 | D:5      | Entered Level 5 of the Dungeon
  4559 | D:5      | Noticed a centaur
  4580 | D:5      | Reached XP level 6. HP: 30/32 MP: 7/10
  4666 | D:5      | Reached skill level 9 in Air Magic
  4786 | D:5      | Noticed Eustachio
  4976 | D:6      | Reached skill level 10 in Air Magic
  4976 | D:6      | Reached XP level 7. HP: 28/36 MP: 4/11
  6320 | D:5      | Killed Eustachio
  6383 | D:5      | Reached skill level 5 in Spellcasting
  6383 | D:5      | Reached XP level 8. HP: 25/41 MP: 4/17
  6755 | D:5      | Found a shimmering blue altar of Sif Muna.
  6763 | D:5      | Became a worshipper of Sif Muna the Loreminder
  7310 | D:4      | Found a staircase to the Ecumenical Temple.
  7317 | Temple   | Entered the Ecumenical Temple
  7553 | D:4      | Found Qierch's Vocational Training.
  7571 | D:4      | Identified the +1 kite shield of Wonder {rElec rPois SInv
                  | Stlth+}
  8895 | D:5      | Found a glowing golden altar of the Shining One.
  9003 | D:5      | Learned a level 3 spell: Swiftness
  9009 | D:5      | Learned a level 5 spell: Lightning Bolt
  9014 | D:5      | Learned a level 4 spell: Sticky Flame
  9075 | D:6      | Found a glowing silver altar of Zin.
  9075 | D:6      | Found a sparkling altar of Nemelex Xobeh.
  9081 | D:6      | Found a hazy altar of Hepliaklqana.
  9083 | D:6      | Found an opulent altar of Gozag.
  9084 | D:6      | Found a broken altar of Ashenzari.
  9086 | D:6      | Found a shadowy altar of Dithmenos.
  9156 | D:6      | Found an iron altar of Okawaru.
  9305 | D:6      | Reached * piety under Sif Muna
  9815 | D:6      | Reached XP level 9. HP: 45/45 MP: 17/22
  9844 | D:6      | Reached skill level 5 in Conjurations
 10609 | D:7      | Slain by a steam dragon

Illustrated notes

Levels and vault maps discovered:
D:1:      dpeg_arrival_shelter, layout_loops_ring,
          hellmonk_ecumenical_altar_leap_of_faith
D:2:      layout_loops_corners, uniq_natasha, uniq_robin
D:3:      cheibrodos_helix_gallery, layout_basic, gammafunk_ghost_grave
D:4:      layout_basic, minmay_temple_entry_butterflies,
          minmay_misc_feat_nine_boxes, nicolae_shop_vocational
D:5:      layout_basic, mainiacjoe_overflow_24_doors,
          nicolae_sif_muna_condensation, uniq_eustachio
D:6:      layout_loops_corners, nicolae_overflow_hallway_of_the_gods,
          serial_glass, glass_columns_b, glass_columns_c, glass_columns_a,
          glass_columns_a, glass_columns_a, glass_columns_b, glass_columns_a,
          glass_columns_c, due_unseen_surprise, minmay_strange_pillars,
          minmay_strange_pillars, item_on_display_a,
          kennysheep_opposing_triangles
D:7:      layout_basic, serial_shops, shop
Temple:   hellmonk_temple_beads

Skill      XL: |  1  2  3  4  5  6  7  8  9 |
---------------+----------------------------+-----
Air Magic      | 5 6 7 8 10 | 10.0
Spellcasting   | 5 8 |  8.0
Conjurations   | 3 6 |  6.3
Fighting       | |  0.4
Dodging        | |  2.1
Stealth        | |  2.0

Action                   |  1- 3 |  4- 6 |  7- 9 || total
-------------------------+-------+-------+-------++-------
Melee: Unarmed           |     1 |       |       ||     1
 Fire: Sling             |       |    66 |    65 ||   131
 Cast: Shock             |    19 |       |       ||    19
       Static Discharge  |    19 |    48 |    63 ||   130
       Airstrike         |       |       |    31 ||    31
Armor: Robe              |     6 |     3 |     5 ||    14
Dodge: Dodged            |    15 |    33 |    54 ||   102
